AoeStats
← DAN13L

Lombardia

509806310Analyzed
2v2 RM · 5d ago on Sep 28, 2026· 44m 24s· 4 players
Game mode
Random Map
Map size
Medium (4 player)
Population
200
Speed
Normal
Resources
Standard
Victory
Conquest
Starting age
Dark Age
Ending age
Imperial Age
RankedLock teamsTeams togetherTeam positionsShared explorationLock speedFull tech treeHidden civsTurbo modeCheats
Victory
Defeat
🇲🇽 Mongols · Mexico
1058
+14
🇦🇷 Mapuche · Argentina
1058
+14
🇲🇽 Saracens · Mexico
1018
-14
🇲🇽 Spanish · Mexico
1005
-14
Salgt27
5:07 Loom
12:36 Feudal Age
15:36 Horse Collar
15:43 Double-Bit Axe
17:49 Wheelbarrow
16:59 Town Watch
24:18 Castle Age
24:38 Forging
24:33 Stone Mining
24:24 Pikeman
28:53 Iron Casting
35:11 Imperial Age
33:43 Bow Saw
33:25 Gold Mining
34:07 Scale Barding Armor
34:04 Husbandry
38:31 Elite Skirmisher
39:46 Fletching
carlos_lb
7:19 Loom
11:59 Feudal Age
17:00 Castle Age
16:23 Double-Bit Axe
18:27 Gold Mining
25:14 Ballistics
25:27 Fletching
31:23 Horse Collar
38:01 Imperial Age
36:37 Husbandry
36:45 Scale Barding Armor
36:51 Forging
36:16 Light Cavalry
37:08 Bloodlines
38:04 Heavy Plow
39:11 Stone Mining
43:05 Wheelbarrow
42:44 Hussar
3ms
7:00 Loom
9:08 Feudal Age
9:51 Double-Bit Axe
9:50 Horse Collar
11:42 Wheelbarrow
17:54 Castle Age
16:56 Stone Mining
18:25 Gold Mining
21:29 Town Watch
22:27 Bow Saw
23:11 Hand Cart
26:36 Forging
29:37 Iron Casting
33:24 Imperial Age
30:56 Town Patrol
30:48 Fletching
31:01 Padded Archer Armor
31:46 Ballistics
34:24 Bodkin Arrow
34:45 Leather Archer Armor
35:34 Blast Furnace
37:29 Heavy Plow
36:50 Elite Skirmisher
38:29 Gold Shaft Mining
38:30 Stone Shaft Mining
37:41 Elite Bolas Rider
39:04 Malon
39:53 Ring Archer Armor
39:53 Treadmill Crane
40:24 Masonry
41:15 Chemistry
43:04 Siege Engineers
42:55 Murder Holes
43:04 Scale Mail Armor
43:44 Capped Ram
45:15 Crop Rotation
DAN13L
5:29 Loom
8:44 Feudal Age
11:10 Double-Bit Axe
19:12 Castle Age
18:30 Fletching
18:23 Horse Collar
18:54 Gold Mining
19:33 Bloodlines
20:31 Forging
25:08 Wheelbarrow
25:08 Stone Mining
27:37 Husbandry
28:36 Scale Barding Armor
29:44 Thumb Ring
37:23 Imperial Age
35:25 Bodkin Arrow
35:32 Murder Holes
36:10 Padded Archer Armor
36:51 Ballistics
39:05 Iron Casting
37:59 Elite Skirmisher
39:45 Chain Barding Armor
40:31 Hand Cart
41:21 Blast Furnace
41:48 Parthian Tactics
42:29 Bracer
45:18 Chemistry
Connection lost

Rejoining the realm…

Still unreachable

The connection could not be restored.

Session expired

The server has moved on; the page needs a fresh start.